 Dungeon Crawl Stone Soup version 0.28.0-45-g0d030f2227 (webtiles) character file.

Game seed: 3817514659456030375

99 MisterFreud the Conjurer (level 4, 0/27 HPs)
             Began as an Octopode Conjurer on May 25, 2022.
             Slain by Grinder (1 damage)
             ... on level 3 of the Dungeon.
             The game lasted 00:03:02 (2604 turns).

MisterFreud the Conjurer (Octopode Conjurer)        Turns: 2604, Time: 00:03:03

Health: 0/27       AC:  1    Str:  6    XL:     4   Next: 72%
Magic:  4/9        EV: 13    Int: 22    God:
Gold:   74         SH:  0    Dex: 10    Spells: 7/10 levels left

rFire   . . .      SeeInvis .   (no weapon)
rCold   . . .      Faith    .   (no shield)
rNeg    . . .      Spirit   .   (helmet restricted)
rPois   .          Reflect  .   c - amulet of the acrobat
rElec   .          Harm     .   (no ring)
rCorr   .          Rampage  .   (no ring)
Will    .....                   (no ring)
Stlth   +++.......              (no ring)
HPRegen 0.09/turn               (no ring)
MPRegen 0.11/turn               (no ring)
                                (no ring)
                                (no ring)

@: no status effects
A: almost no armour, amphibious, 8 rings, camouflage 1, gelatinous body 1,
(nimble swimmer 1), tentacles
a: no special abilities


You were on level 3 of the Dungeon.
You visited 1 branch of the dungeon, and saw 3 of its levels.

You collected 74 gold pieces.

Inventory:

Jewellery
 c - an amulet of the acrobat (around mantle)
Scrolls
 e - a scroll of enchant armour
 g - a scroll of fear
 h - a scroll of teleportation
Potions
 b - a potion of berserk rage
 i - a potion of curing
 j - a potion of attraction


   Skills:
 - Level 2.0 Dodging
 - Level 2.6 Stealth
 * Level 3.8 Spellcasting
 + Level 4.7 Conjurations


You had 7 spell levels left.
You knew the following spells:

 Your Spells              Type           Power      Damage    Failure   Level
a - Magic Dart            Conj           96%        1d7       1%          1
b - Searing Ray           Conj           48%        2d6       2%          2

Your spell library contained the following spells:

 Spells                   Type           Power      Damage    Failure   Level
 Dazzling Flash           Conj/Hex       28%        N/A       13%         3
 Fulminant Prism          Conj/Hex       7%         3d7       41%         4
 Iskenderun's Mystic Bla  Conj/Tloc      14%        2d5       41%         4


Dungeon Overview and Level Annotations

Branches:
Dungeon (3/15)

Altars:

Annotations:
D:3 Grinder


Innate Abilities, Weirdness & Mutations

You cannot wear most types of armour.
You are amphibious.
You can wear up to eight rings at the same time.
Your skin changes colour to match your surroundings (Stealth+).
Your rubbery body absorbs attacks. (AC +1, EV +1)
((You are camouflaged when in or above water. (Stealth+)))
You have tentacles for arms and can constrict up to eight enemies at once.


Message History

The searing ray hits Grinder.
Grinder is moderately wounded.
Grinder barely misses you.
You closely miss Grinder. Your grab misses Grinder.
Grinder is moderately wounded.
Grinder barely misses you.
You closely miss Grinder. You grab Grinder.
Grinder is moderately wounded.
You constrict Grinder. Grinder hits you!
* * * LOW HITPOINT WARNING * * *
You feel much better.
You constrict Grinder. Grinder hits you.
You tentacle-slap Grinder but do no damage.
You squeeze Grinder.
Grinder is heavily wounded.
You constrict Grinder.
Grinder struggles to blink free from constriction.
You tentacle-slap Grinder but do no damage.
Grinder is heavily wounded.
You constrict Grinder. Grinder hits you.
You writhe in agony.
You tentacle-slap Grinder but do no damage.
Grinder is severely wounded.
You constrict Grinder. Grinder closely misses you.
You tentacle-slap Grinder but do no damage.
Grinder is severely wounded.
You constrict Grinder. Grinder barely misses you.
You tentacle-slap Grinder but do no damage.
Grinder is severely wounded.
You constrict Grinder. Grinder hits you.
You writhe in agony.
You tentacle-slap Grinder but do no damage.
Grinder is severely wounded.
You constrict Grinder. Grinder misses you.
You tentacle-slap Grinder but do no damage.
Grinder is severely wounded.
You constrict Grinder. Grinder barely misses you.
You tentacle-slap Grinder but do no damage.
Grinder is almost dead.
You constrict Grinder. Grinder hits you!
* * * LOW HITPOINT WARNING * * *
You writhe in agony.
You die...

.. # #.# ... .## ##.#
..# ..# #.#.# ..##
#.###.##.###...###
####...# #.#.......#
##...5@.###.#.#†..#
..........##.#..# .
###.............# ...
##......#....†##+§..5.
#...........#...#
####.###........# ###
####.##..# #.....#
#.#..)#


You could see Grinder.

Vanquished Creatures
  3 adders
  2 worms (D:3)
  3 dart slugs
  6 endoplasms
  5 giant cockroaches
  A goblin (D:1)
  3 hobgoblins
  6 jackals
  7 kobolds
  3 quokkas
  4 ball pythons
  4 bats (D:1)
  4 frilled lizards
  5 rats
56 creatures vanquished.

Notes
Turn   | Place    | Note
-------+----------+-------------------------------------------
     0 | D:1      | MisterFreud the Octopode Conjurer began the quest for the
                  | Orb.
     0 | D:1      | Reached XP level 1. HP: 11/11 MP: 3/3
   244 | D:1      | Reached XP level 2. HP: 17/17 MP: 1/5
   357 | D:1      | Learned a level 2 spell: Searing Ray
   765 | D:1      | Reached XP level 3. HP: 21/21 MP: 1/7
  1785 | D:2      | Reached XP level 4. HP: 27/27 MP: 2/9
  1930 | D:2      | Noticed an eye of devastation
  1932 | D:2      | Found a faded altar of an unknown god.
  1934 | D:2      | Noticed a golden eye
  1934 | D:2      | Noticed a golden eye
  1934 | D:2      | Noticed a great orb of eyes
  2543 | D:3      | Noticed Grinder
  2553 | D:3      | Paralysed by Grinder for 5 turns
  2604 | D:3      | HP: 1/27 [Grinder (10)]
  2604 | D:3      | Slain by Grinder

Illustrated notes

Levels and vault maps discovered:
D:1:      lemuel_arrival_lava_pool, layout_basic, minivault_4
D:2:      layout_basic, hellmonk_ecumenical_altar_watching_god,
          minmay_tromino_mix6
D:3:      layout_loops_ring, serial_shops, nicolae_square_shop,
          hangedman_decor_riveting, minmay_fractal_squares_diagonal_5,
          uniq_ijyb, uniq_grinder

Skill      XL: |  1  2  3 |
---------------+----------+-----
Spellcasting   | 3 |  3.8
Dodging        | |  2.0
Stealth        | |  2.6
Conjurations   | |  4.7

Action                   |  1- 3 |  4- 6 || total
-------------------------+-------+-------++-------
Melee: Unarmed           |    18 |    23 ||    41
       Tentacles         |     4 |     6 ||    10
       Constrict         |     3 |     5 ||     8
 Cast: Magic Dart        |    60 |    39 ||    99
       Searing Ray       |     1 |     1 ||     2
  Use: Scroll            |       |     8 ||     8
       Potion            |       |     1 ||     1
Armor: Skin              |     5 |     4 ||     9
Dodge: Dodged            |    33 |    22 ||    55
